 Dungeon Crawl Stone Soup version 0.23.2-11-gf996548 (webtiles) character file.

Game seed: 13486679448605465456

120 Fang the Skirmisher (level 5, -3/33 HPs)
             Began as a Gargoyle Berserker on June 5, 2019.
             Was a Priest of Trog.
             Slain by a phantom (5 damage)
             ... on level 4 of the Dungeon.
             The game lasted 00:03:15 (2490 turns).

Fang the Skirmisher (Gargoyle Berserker)            Turns: 2490, Time: 00:03:15

Health: -3/33      AC:  6    Str: 22    XL:     5   Next: 4%
Magic:  5/5        EV: 12    Int:  7    God:    Trog [***...]
Gold:   169        SH:  0    Dex:  9    Spells: 4/4 levels left

rFire    . . .     SeeInvis .   a - +0 war axe
rCold    . . .     Gourm    .   (no shield)
rNeg     + . .     Faith    .   b - +0 animal skin
rPois    ∞         Spirit   .   (no helmet)
rElec    +         Reflect  .   (no cloak)
rCorr    .         Harm     .   (no gloves)
MR       .....                  (no boots)
Stlth    +.........             (no amulet)
HPRegen  0.11/turn              (no ring)
MPRegen  0.09/turn              (no ring)

@: no status effects
A: negative energy resistance 1, electricity resistance, unbreathing,
petrification resistance, rot immunity, AC +4
a: Berserk, Trog's Hand, Renounce Religion


You were on level 4 of the Dungeon.
You worshipped Trog.
Trog was most pleased with you.
You were near starving.

You visited 1 branch of the dungeon, and saw 4 of its levels.

You collected 169 gold pieces.

Inventory:

Hand Weapons
 a - a +0 war axe (weapon)
Armour
 b - a +0 animal skin (worn)
Scrolls
 e - 2 scrolls of noise {unknown}
 h - a scroll of teleportation {unknown}
 j - 2 scrolls of identify {unknown}
 k - a scroll of magic mapping {unknown}
 l - a scroll of amnesia {unknown}
 r - a scroll of fear {unknown}
 s - a scroll of fog {unknown}
Potions
 f - 2 potions of cancellation {unknown}
 g - a potion of brilliance {unknown}
 i - a potion of might {unknown}
 m - 2 potions of lignification {unknown}
 n - a potion of invisibility {unknown}
 o - a potion of heal wounds {unknown}
 p - a potion of haste {unknown}
 q - a potion of curing {unknown}
Comestibles
 c - 4 rations


   Skills:
 + Level 4.1 Fighting
 + Level 3.4 Axes
 + Level 3.3 Armour
 + Level 2.4 Dodging


You had 4 spell levels left.
You didn't know any spells.
Your spell library was empty.

Dungeon Overview and Level Annotations

Branches:
Dungeon (4/15)
 Temple: D:4-7

Altars:
Dithmenos
Elyvilon
Zin

Shops:
D:2 *


Innate Abilities, Weirdness & Mutations

You are resistant to torment.
Your stone body is resilient. (AC +4)
You are immune to poison.
You resist negative energy. (rN+)
You are resistant to electric shocks. (rElec)
You can survive without breathing.
You are immune to petrification.
You are immune to rotting.


Message History

* * * LOW HITPOINT WARNING * * *
The phantom blinks!
You swing at nothing.
You swing at nothing.
You swing at nothing.
You swing at nothing.
You closely miss the phantom.
The phantom hits you but does no damage.
You hit the phantom. The phantom barely misses you.
You hit the phantom.
You recover from your berserk rage.
The phantom closely misses you.
The phantom hits you but does no damage.
You closely miss the phantom.
The phantom hits you but does no damage.
You miss the phantom. The phantom closely misses you.
You hit the phantom. The phantom hits you.
* * * LOW HITPOINT WARNING * * *
The phantom blinks!
The phantom hits you.
You die...

### #.##.####. ...
#####.##.###
#.####..........#
#.......#.......#
#.......#...#......
#.......######...##
.#####>......#
.#...
........§....#
...## #<##.@.....#
.### ......W......#
.##.#.######## # #.
. ##


You could see a phantom.

Vanquished Creatures
  3 adders
  2 oozes (D:2)
  A worm (D:2)
  A dart slug (D:1)
  4 leopard geckos
  5 orcs (D:3)
  2 ball pythons (D:2)
  2 giant cockroaches
  6 hobgoblins
  2 quokkas (D:2)
  9 bats
  7 frilled lizards
  9 goblins
  9 kobolds
  7 rats
69 creatures vanquished.

Notes
Turn   | Place    | Note
-------+----------+-------------------------------------------
     0 | D:1      | Fang the Gargoyle Berserker began the quest for the Orb.
     0 | D:1      | Reached XP level 1. HP: 14/14 MP: 1/1
   132 | D:1      | Reached XP level 2. HP: 14/19 MP: 2/2
   239 | D:1      | Reached XP level 3. HP: 15/23 MP: 3/3
   346 | D:1      | Reached ** piety under Trog
  1099 | D:2      | Reached XP level 4. HP: 22/29 MP: 4/4
  1207 | D:2      | Reached skill level 4 in Fighting
  1380 | D:2      | Found a white marble altar of Elyvilon.
  1546 | D:2      | Found a glowing silver altar of Zin.
  1547 | D:2      | Found Zin's Purification Station.
  1950 | D:3      | Found a shadowy altar of Dithmenos.
  2002 | D:3      | Reached XP level 5. HP: 32/33 MP: 5/5
  2030 | D:3      | Reached *** piety under Trog
  2426 | D:4      | Noticed a phantom
  2480 | D:4      | HP: 1/33 [phantom (5)]
  2490 | D:4      | Slain by a phantom

Skill      XL: |  1  2  3  4 |
---------------+-------------+-----
Axes           | 3 |  3.4
Dodging        | 2 |  2.4
Fighting       | 4 |  4.1
Armour         | 3 |  3.3

Action                   |  1- 3 |  4- 6 || total
-------------------------+-------+-------++-------
Melee: Hand axe          |   125 |    74 ||   199
       War axe           |       |    48 ||    48
Invok: Berserk           |     1 |     1 ||     2
 Stab: Sleeping          |     1 |       ||     1
  Eat: Chunk             |     2 |     4 ||     6
Armor: Animal skin       |    60 |    54 ||   114
Dodge: Dodged            |    88 |    84 ||   172
